 Dungeon Crawl Stone Soup version 0.27-a0-1232-gc6a4cbde82 (webtiles) character file.

Game seed: 9384614414979816468

353 siradein the Slasher (level 6, -6/32 HPs)
             Began as a Vine Stalker Fighter on June 8, 2021.
             Was an Initiate of Fedhas.
             Mangled by an orc warrior
             ... wielding a +0 broad axe
              (14 damage)
             ... on level 4 of the Dungeon.
             The game lasted 00:05:47 (3331 turns).

siradein the Slasher (Vine Stalker Fighter)         Turns: 3331, Time: 00:05:48

Health: -6/32      AC:  7    Str: 19    XL:     6   Next: 62%
Magic:  0/7        EV:  5    Int:  8    God:    Fedhas [......]
Gold:   168        SH: 13    Dex: 15    Spells: 5/5 levels left

rFire    . . .     SeeInvis .   a - +0 long sword
rCold    . . .     Faith    .   p - +0 tower shield
rNeg     . . .     Spirit   +   b - +0 scale mail
rPois    .         Reflect  .   (no helmet)
rElec    .         Harm     .   r - +0 cloak
rCorr    .         Rampage  .   (no gloves)
Will     .....                  (no boots)
Stlth    ..........             (no amulet)
HPRegen  1.10/turn              (no ring)
MPRegen  0.10/turn              (no ring)

@: no status effects
A: fangs 2, regeneration 1, magic shield, antimagic bite, no potion heal 2
a: Renounce Religion


You were on level 4 of the Dungeon.
You worshipped Fedhas.
Fedhas was noncommittal.
You visited 2 branches of the dungeon, and saw 5 of its levels.

You collected 168 gold pieces.

Inventory:

Hand Weapons
 a - a +0 long sword (weapon)
Missiles
 f - 74 stones (quivered)
Armour
 b - a +0 scale mail (worn)
 c - a +0 kite shield
 p - a +0 tower shield (worn)
 r - a +0 cloak (worn)
Scrolls
 e - a scroll of fog {unknown}
 g - a scroll of amnesia {unknown}
 i - 4 scrolls of identify {unknown}
 j - 2 scrolls of teleportation {unknown}
 n - a scroll of silence {unknown}
 o - a scroll of enchant armour {unknown}
 q - a scroll of immolation {unknown}
Potions
 d - a potion of might
 h - a potion of haste {unknown}
 k - 2 potions of heal wounds {unknown}
 l - a potion of ambrosia {unknown}
 m - a potion of degeneration {unknown}


   Skills:
 - Level 2.6 Fighting
 + Level 6.2 Long Blades
 - Level 2.4 Armour
 - Level 2.6 Shields


You had 5 spell levels left.
You didn't know any spells.
Your spell library was empty.

Dungeon Overview and Level Annotations

Branches:
Dungeon (4/15)             Temple (1/1) D:4

Altars:
Ashenzari
Cheibriados
Dithmenos
Elyvilon
Fedhas
Gozag
Hepliaklqana
Kikubaaqudgha
Makhleb
Nemelex Xobeh
Okawaru
Qazlal
Ru
Sif Muna
Trog
Uskayaw
Vehumet
Wu Jian
Xom
Yredelemnul
The Shining One

Shops:
D:2 (


Innate Abilities, Weirdness & Mutations

You have extremely sharp teeth.
Your natural rate of healing is unusually fast.
When hurt, damage is shared between your health and your magic reserves.
Your bite disrupts and absorbs the magic of your enemies.
Potions cannot restore your health.


Message History

You barely miss the orc warrior.
The orc warrior is heavily wounded.
You block the orc warrior's attack. x2
You hit the orc warrior but do no damage.
You bite the orc warrior, but do no damage.
The orc warrior is heavily wounded.
The orc warrior hits you with a +0 broad axe!
You closely miss the orc warrior.
The orc warrior is heavily wounded.
The orc warrior barely misses you.
You riposte.
You hit the orc warrior.
The orc warrior is heavily wounded.
You block the orc warrior's attack.
You barely miss the orc warrior. You bite the orc warrior. You drain its power.
You feel invigorated.
The orc warrior is heavily wounded.
You block the orc warrior's attack.
The orc warrior hits you with a +0 broad axe!
You barely miss the orc warrior. You bite the orc warrior. You drain its power.
You feel invigorated.
The orc warrior is heavily wounded.
You block the orc warrior's attack.
You slash the orc warrior! Your bite misses the orc warrior.
The orc warrior is almost dead.
The orc warrior hits you with a +0 broad axe! x2
An iguana comes into view.
The iguana hisses angrily.
You hit the orc warrior.
You bite the orc warrior, but do no damage.
The orc warrior is almost dead.
The orc warrior hits you with a +0 broad axe!!
Ouch! That really hurt!
You block the iguana's attack.
The orc warrior hits you with a +0 broad axe!
* * * LOW HITPOINT WARNING * * *
You closely miss the orc warrior.
The orc warrior is almost dead.
You block the iguana's attack.
The orc warrior hits you with a +0 broad axe!
You die...
Fedhas appreciates your contribution to the ecosystem.

#################################
...............l@o...............
(.....).......###################
....########.## ###.### #.#
..#.#<# #.# #.#.#.# #.# ..#.#.#
#.# ###.#.# #)# #.#.# #.#


You could see an orc warrior and an iguana.

Vanquished Creatures
  An ogre (D:4)
  A phantom (D:4)
  A centaur zombie (D:3)
  2 bullfrog skeletons (D:4)
  An adder (D:3)
  4 worms
  A dart slug (D:1)
  7 ball pythons
  6 bats
  4 endoplasms
  3 giant cockroaches
  6 goblins
  7 hobgoblins
  8 jackals
  5 kobolds
  6 quokkas
  3 frilled lizards
  6 rats
72 creatures vanquished.

Notes
Turn   | Place    | Note
-------+----------+-------------------------------------------
     0 | D:1      | siradein the Vine Stalker Fighter began the quest for the
                  | Orb.
     0 | D:1      | Reached XP level 1. HP: 11/11 MP: 2/2
   257 | D:1      | Reached skill level 2 in Long Blades
   384 | D:1      | Reached XP level 2. HP: 11/16 MP: 3/3
   799 | D:1      | Reached skill level 3 in Long Blades
   819 | D:1      | Reached XP level 3. HP: 16/19 MP: 4/4
  1553 | D:2      | Found Vaziahix's Antique Weapon Shop.
  1803 | D:2      | Gained mutation: Your natural rate of healing is unusually
                  | fast. [Vine Stalker growth]
  1803 | D:2      | Reached XP level 4. HP: 18/23 MP: 3/5
  2139 | D:3      | You fall into a shaft and drop 1 floor!
  2145 | D:4      | Reached skill level 4 in Long Blades
  2193 | D:4      | Found a staircase to the Ecumenical Temple.
  2206 | Temple   | Entered the Ecumenical Temple
  2434 | Temple   | Became a worshipper of Fedhas Madash
  2470 | D:3      | Reached XP level 5. HP: 18/27 MP: 4/6
  3095 | D:4      | Noticed an ogre
  3144 | D:4      | Killed an ogre
  3145 | D:4      | Reached skill level 5 in Long Blades
  3145 | D:4      | Reached XP level 6. HP: 32/32 MP: 4/7
  3231 | D:4      | Reached skill level 6 in Long Blades
  3265 | D:4      | Noticed an orc warrior
  3331 | D:4      | Mangled by an orc warrior

Illustrated notes

Levels and vault maps discovered:
D:1:      beargit_arrival_diablo_church, layout_loops_corners,
          minmay_strange_pillars
D:2:      layout_rooms, serial_shops, shop, minmay_cupped
D:3:      layout_loops_ring
D:4:      layout_basic, minmay_temple_entry_butterflies,
          kennysheep_generic_room_16, uniq_sigmund
Temple:   minmay_crystal_snake_temple

Skill      XL: |  1  2  3  4  5  6 |
---------------+-------------------+-----
Long Blades    | 2 3 4 5 6 |  6.2
Fighting       | |  2.6
Armour         | |  2.4
Shields        | |  2.6

Action                   |  1- 3 |  4- 6 || total
-------------------------+-------+-------++-------
Melee: Long sword        |    96 |    94 ||   190
       Bite              |    28 |    39 ||    67
Throw: Stone             |    32 |     4 ||    36
Armor: Scale mail        |    57 |    35 ||    92
Dodge: Dodged            |    39 |    25 ||    64
Block: Kite shield       |    56 |    21 ||    77
       Tower shield      |       |    42 ||    42
       Rpst.: Long sword |    10 |     6 ||    16

Table legend: (Time is in decaauts)
 A = Elapsed time spent in this place.
 B = Non-inter-level travel time spent in this place.
 C = Inter-level travel time spent in this place.
 D = Time resting spent in this place.
 E = Time spent auto-exploring this place.
 F = Levels seen in this place.
 G = Mean time per level.
                   A        B        C        D        E       F      G
               +--------+--------+--------+--------+--------+-----+--------+
         Total |   3441 |   3300 |    141 |      0 |   2563 |   5 |  688.2 |
       Dungeon |   3192 |   3072 |    120 |      0 |   2400 |   4 |  798.0 |
        Temple |    249 |    228 |     21 |      0 |    163 |   1 |  249.0 |
               +--------+--------+--------+--------+--------+-----+--------+

Top non-repeatable levels by time:
     D:1: 1349 daAuts
     D:2: 753 daAuts
     D:3: 670 daAuts
     D:4: 418 daAuts
  Temple: 249 daAuts
